 Dungeon Crawl Stone Soup version 0.27.1-1-g398f81649c (webtiles) character file.

Game seed: 4562383487929071595

84 Metae the Ruffian (level 4, 0/37 HPs)
             Began as a Draconian Transmuter on Sept 9, 2021.
             Was a Follower of Nemelex Xobeh.
             Slain by an orc wizard (4 damage)
             ... on level 3 of the Dungeon.
             The game lasted 00:10:41 (3191 turns).

Metae the Ruffian (Draconian Transmuter)            Turns: 3191, Time: 00:10:41

Health: 0/37       AC:  5    Str: 14    XL:     4   Next: 24%
Magic:  8/8        EV: 12    Int: 13    God:    Nemelex Xobeh [*.....]
Gold:   60         SH:  0    Dex: 11    Spells: 5/8 levels left

rFire    + . .     SeeInvis .   f - +0 long sword
rCold    . . .     Faith    .   (no shield)
rNeg     . . .     Spirit   .   (armour unavailable)
rPois    .         Reflect  .   (helmet restricted)
rElec    .         Harm     .   (no cloak)
rCorr    .         Rampage  .   (no gloves)
Will     .....                  (no boots)
Stlth    +.........             (no amulet)
HPRegen  0.12/turn              d - ring of protection from fire
MPRegen  0.11/turn              e - ring of flight

@: mighty, flying
A: AC +5, unfitting armour, cold-blooded
a: Renounce Religion, Draw Escape, Draw Destruction, Draw Summoning


You were on level 3 of the Dungeon.
You worshipped Nemelex Xobeh.
Nemelex Xobeh was aware of your devotion.
You visited 1 branch of the dungeon, and saw 3 of its levels.

You collected 60 gold pieces.

Inventory:

Hand Weapons
 f - a +0 long sword (weapon)
Armour
 g - a +0 scale mail
Jewellery
 d - a ring of protection from fire (left hand)
 e - a ring of flight (right hand)
Scrolls
 h - a scroll of identify {unknown}
 i - a scroll of brand weapon {unknown}
 j - a scroll of amnesia {unknown}
 l - a scroll of enchant armour {unknown}
 m - a scroll of fog {unknown}
 p - a scroll of noise {unknown}
 q - a scroll of teleportation {unknown}
Potions
 a - a potion of might
 b - a potion of berserk rage {unknown}
 c - a potion of haste {unknown}
 k - a potion of flight {unknown}
 n - a potion of heal wounds {unknown}
 o - 2 potions of brilliance {unknown}
 r - a potion of attraction {unknown}


   Skills:
 * Level 2.7 Fighting
 + Level 0.5 Long Blades
 - Level 1.7 Dodging
 - Level 3.2 Unarmed Combat
 * Level 2.9 Spellcasting
 + Level 2.5 Transmutations


You had 5 spell levels left.
You knew the following spells:

 Your Spells              Type           Power      Damage    Failure   Level
a - Beastly Appendage     Tmut           16%        N/A       9%          1
b - Wereblood             Tmut           8%         N/A       12%         2

Your spell library contained the following spells:

 Spells                   Type           Power      Damage    Failure   Level
 Spider Form              Tmut/Pois      2%         N/A       38%         3
 Stone Arrow              Conj/Erth      2%         3d7       56%         3
 Ice Form                 Ice/Tmut       5%         N/A       80%         4
 Bolt of Magma            Conj/Fire/Erth 0%         4d4       100%        5
 Shatter                  Erth           0%         3d5*      100%        9


Dungeon Overview and Level Annotations

Branches:
Dungeon (3/15)

Altars:
Nemelex Xobeh
Qazlal
Xom

Shops:
D:3 :


Innate Abilities, Weirdness & Mutations

Your plain brown scales are hard. (AC +5)
You cannot fit into any form of body armour.
You are cold-blooded and may be slowed by cold attacks.


Message History

The orc wizard casts a spell.
The orc wizard flickers and vanishes!
Deactivating autopickup; reactivate with Ctrl-A.
The orc hits you with a +0 whip.
Found a stone staircase leading down.
You hit the orc.
Your tail-slap misses the orc.
The orc is moderately wounded.
The orc hits you but does no damage.
There is a stone staircase leading down here.
You miss something. Something hits you. Something hits you but does no damage.
You barely miss something. Something hits you but does no damage.
You closely miss something. Something hits you.
You miss something. Something hits you but does no damage. Something hits you.
You closely miss something. Something hits you but does no damage.
You closely miss something. Something hits you but does no damage.
You hit something. Something hits you.
You hear some strange, mumbled words.
A magic dart appears from out of thin air!
The magic dart hits you.
* * * LOW HITPOINT WARNING * * *
You hear some strange, mumbled words.
You are confused.
Something hits you but does no damage.
You bump into the rock wall.
Something hits you.
* * * LOW HITPOINT WARNING * * *
You bump into the rock wall.
You hear some strange, mumbled words.
Something tries to affect you, but you resist.
You bump into the rock wall.
Something hits you.
* * * LOW HITPOINT WARNING * * *
It was a potion of might.
You feel very mighty all of a sudden.
You hear some strange, mumbled words.
A puff of flame appears from out of thin air!
The puff of flame misses you.
You bump into the rock wall.
You feel less confused. Something hits you.
You die...
Your body disappears without a glow.

#.........# #.#######.#
#.##### #.# ......# #.#
#.###.# #.# ######
#(###.###.# #....#
#.##......# #o##.#
#.......><# #{##.#####.##
####..###.# #@#...)......
#..# #.# #.#..#####.#.
#..# #.# #.#..# #..###.#
#.#..# #......# #....#
##.##### ###.## # ##.##
#..##
####...###########...####
+.......................+


You could see an orc.

Vanquished Creatures
  3 adders
  An adder zombie (D:3)
  2 worms (D:2)
  4 orcs (D:3)
  2 bats (D:1)
  2 endoplasms (D:1)
  5 giant cockroaches
  A goblin (D:3)
  6 hobgoblins
  3 jackals (D:2)
  3 quokkas
  A ball python (D:2)
  3 frilled lizards
  3 kobolds
  3 rats
42 creatures vanquished.

Notes
Turn   | Place    | Note
-------+----------+-------------------------------------------
     0 | D:1      | Metae the Draconian Transmuter began the quest for the Orb.
     0 | D:1      | Reached XP level 1. HP: 16/16 MP: 3/3
   511 | D:1      | Reached XP level 2. HP: 23/23 MP: 5/5
   527 | D:1      | Found a faded altar of an unknown god.
   528 | D:1      | Noticed a great orb of eyes
   537 | D:1      | Noticed a shining eye
   541 | D:1      | Noticed a floating eye
   542 | D:1      | Noticed a golden eye
   611 | D:1      | You fall into a shaft and drop 1 floor!
  1256 | D:2      | Found a sparkling altar of Nemelex Xobeh.
  1268 | D:2      | Became a worshipper of Nemelex Xobeh the Trickster
  1322 | D:2      | Reached XP level 3. HP: 29/29 MP: 6/6
  2316 | D:3      | Learned a level 2 spell: Wereblood
  2344 | D:3      | Found a stormy altar of Qazlal.
  2344 | D:3      | Found a shimmering altar of Xom.
  2625 | D:3      | Found Ucucsiru's Book Boutique.
  2980 | D:3      | Reached XP level 4. HP: 37/37 MP: 8/8
  3155 | D:3      | Reached * piety under Nemelex Xobeh
  3191 | D:3      | Slain by an orc wizard

Illustrated notes

Levels and vault maps discovered:
D:1:      wheals_arrival_linesprint, layout_basic,
          hellmonk_ecumenical_altar_watching_god, serial_shops,
          nicolae_square_shop
D:2:      layout_loops_corners, basic_altar, kennysheep_nondescript
D:3:      layout_loops_corners, mainiacjoe_overflow_large_starburst,
          serial_shops, shop, minmay_box_of_dots

Skill      XL: |  1  2 |
---------------+-------+-----
Fighting       | 2 |  2.7
Long Blades    | |  0.5
Dodging        | |  1.7
Unarmed Combat | |  3.2
Spellcasting   | |  2.9
Transmutations | |  2.5

Action                   |  1- 3 |  4- 6 || total
-------------------------+-------+-------++-------
Melee: Unarmed           |    51 |       ||    51
       Tailslap          |     9 |     3 ||    12
       Kick              |     8 |       ||     8
       Punch             |     3 |       ||     3
       Long sword        |    76 |    32 ||   108
       Headbutt          |     4 |       ||     4
 Cast: Beastly Appendage |     8 |       ||     8
       Wereblood         |     1 |       ||     1
  Use: Potion            |       |     1 ||     1
 Stab: Sleeping          |     1 |       ||     1
Armor: Skin              |    81 |    15 ||    96
Dodge: Dodged            |   145 |    15 ||   160
       Rpst.: Long sword |    21 |     5 ||    26
